 Dungeon Crawl Stone Soup version 0.23-a0-636-g0ff6057 (webtiles) character file.

88 Dfrag the Firebug (level 4, -6/36 HPs)
             Began as a Naga Fire Elementalist on Dec 28, 2018.
             Mangled by a bullfrog (8 damage)
             ... on level 2 of the Dungeon.
             The game lasted 00:02:05 (885 turns).

Dfrag the Firebug (Naga Fire Elementalist)           Turns: 885, Time: 00:02:05

Health: -6/36      AC:  2    Str: 10    XL:     4   Next: 54%
Magic:  6/8        EV: 10    Int: 17    God:
Gold:   42         SH:  0    Dex: 11    Spells: 7/8 levels left

rFire    . . .     SeeInvis +   (no weapon)
rCold    . . .     Gourm    .   (no shield)
rNeg     . . .     Faith    .   a - +0 robe
rPois    +         Spirit   .   (no helmet)
rElec    .         Reflect  .   (no cloak)
rCorr    .         Harm     .   (no gloves)
MR       .....                  (no barding)
Stlth    ++........             (no amulet)
HPRegen  0.12/turn              (no ring)
MPRegen  0.11/turn              (no ring)

@: short of breath, slowed, very slow
A: large, see invisible, deformed body, poison resistance, slowness 2, slow
metabolism 1, spit poison 1, AC +1
a: Spit Poison


You were on level 2 of the Dungeon.
You were not hungry.

You visited 1 branch of the dungeon, and saw 2 of its levels.

You collected 42 gold pieces.

Inventory:

Armour
 a - a +0 robe (worn)
Scrolls
 d - 2 scrolls of identify {unknown}
 e - a scroll of immolation {unknown}
 f - a scroll of magic mapping {unknown}
 g - a scroll of enchant weapon {unknown}
 i - 2 scrolls of amnesia {unknown}
Potions
 b - a potion of curing
Comestibles
 c - 3 rations
 j - a chunk of flesh


   Skills:
 - Level 1.5 Dodging
 - Level 3.0 Stealth
 + Level 2.9 Spellcasting
 + Level 2.4 Conjurations
 + Level 3.8 Fire Magic


You had 7 spell levels left.
You knew the following spells:

 Your Spells              Type           Power        Failure   Level  Hunger
a - Flame Tongue          Conj/Fire      ##...        4%          1    None

Your spell library contained the following spells:

 Spells                   Type           Power        Failure   Level  Hunger
 Throw Flame              Conj/Fire      ##....       8%          2    ##.....
 Conjure Flame            Conj/Fire      ##......     14%         3    ###....
 Inner Flame              Hex/Fire       #.......     24%         3    ###....
 Sticky Flame             Conj/Fire      ##......     43%         4    ####...
 Fireball                 Conj/Fire      ##........   80%         5    ######.


Dungeon Overview and Level Annotations

Branches:
Dungeon (2/15)

Altars:


Innate Abilities, Weirdness & Mutations

You cannot wear boots.
Your serpentine skin is tough. (AC +1)
You have supernaturally acute eyesight. (SInv)
Armour fits poorly on your strangely shaped body.
Your system is resistant to poisons. (rPois)
You cover ground very slowly.
You have a slow metabolism.
You can spit poison.


Message History

Aiming: Flame Tongue (safe; 4% risk of failure)
Press: ? - help, Shift-Dir - straight line, f - bullfrog
Aim: a bullfrog The flame tongue hits the bullfrog.
The bullfrog is lightly wounded.
The bullfrog barely misses you.
The kobold hits you with a +0 short sword.
The bullfrog hits you. The giant cockroach barely misses you.
The hobgoblin barely misses you. The hobgoblin hits you with a +0 club.
* * * LOW HITPOINT WARNING * * *
The kobold hits you with a +0 short sword.
* * * LOW HITPOINT WARNING * * *
Press: ? - help, Shift-Dir - straight line, f/p - bullfrog
Aim: a bullfrog (lightly wounded)
The splash of poison hits the bullfrog.
The bullfrog is poisoned.
The bullfrog is severely wounded.
You feel slightly more hungry. The bullfrog hits you.
* * * LOW HITPOINT WARNING * * *
The giant cockroach barely misses you. The bullfrog hits you!
You die...

...>............#
................#
.....<..........# .#
#...........<..#######.#
##......#...............
#####..####.###........
#..# #.# #.g...... ...#
#. #gFS..... .#.# ##
#@g#.)..% #.#.#
#Ks...... #..#.....
#.##...#. ..# .... ...
.... .... .[. ...# #....


You could see a bullfrog, an adder, a giant cockroach, 2 hobgoblins, a goblin
and a kobold.

Vanquished Creatures
  Natasha (D:2)
  A worker ant (D:2)
  A worm (D:2)
  A dart slug (D:1)
  3 leopard geckos (D:1)
  4 giant cockroaches
  4 goblins (D:1)
  2 hobgoblins (D:1)
  A ball python (D:1)
  3 bats (D:1)
  2 frilled lizards (D:1)
  6 kobolds (D:1)
  4 rats (D:1)
33 creatures vanquished.

Vanquished Creatures (others)
  A plant (D:1)
1 creature vanquished.

Grand Total: 34 creatures vanquished

Notes
Turn   | Place    | Note
-------+----------+-------------------------------------------
     0 | D:1      | Dfrag the Naga Fire Elementalist began the quest for the
                  | Orb.
     0 | D:1      | Reached XP level 1. HP: 15/15 MP: 3/3
   100 | D:1      | Reached XP level 2. HP: 12/22 MP: 1/5
   376 | D:1      | Reached XP level 3. HP: 27/28 MP: 2/6
   781 | D:2      | Reached XP level 4. HP: 36/36 MP: 2/8
   875 | D:2      | Noticed Natasha
   879 | D:2      | Noticed a bullfrog
   881 | D:2      | Killed Natasha
   885 | D:2      | Mangled by a bullfrog

Vault maps used:
D:1:      eino_arrival_cavern_d, serial_bayou_pond_a, lexackson_kobold_supper
D:2:      first_ration, uniq_natasha

Skill      XL: |  1  2  3 |
---------------+----------+-----
Conjurations   | 2 |  2.4
Dodging        | |  1.5
Stealth        | |  3.0
Spellcasting   | |  2.9
Fire Magic     | |  3.8

Action                   |  1- 3 |  4- 6 || total
-------------------------+-------+-------++-------
Melee: Unarmed           |    32 |       ||    32
 Cast: Flame Tongue      |    48 |     6 ||    54
 Abil: Spit Poison       |     8 |     3 ||    11
  Use: Potion            |       |     2 ||     2
  Eat: Chunk             |       |     1 ||     1
Armor: Robe              |     8 |     2 ||    10
Dodge: Dodged            |    48 |    15 ||    63

Table legend:
 A = Non-vault XP
 B = Vault XP
 C = Vault XP percentage of total XP
 D = Non-vault monster count
 E = Vault monster count
 F = Vault count percentage of total count
                 A         B        C        D         E       F
            +---------+---------+-------+---------+---------+-------
      Total |      79 |      48 |  37.8 |      24 |       9 |  27.3
            +---------+---------+-------+---------+---------+-------
        D:1 |      38 |      13 |  25.5 |      21 |       8 |  27.6
        D:2 |      41 |      35 |  46.1 |       3 |       1 |  25.0
            +---------+---------+-------+---------+---------+-------
